Unix NetHack Version 3.7.0-90 Work-in-progress - last build Dec 4 2023 15:25:40 (a4ad6ea61a8c493010e15c9251bbb19a34919cb7,branch:master). Game began 2023-12-05 20:03:21, ended 2023-12-05 20:11:37. elenmirie, neutral female human Priestess ----- ##-...| ---------------- # |...| |.....(........| # |...| |.....d........| ####+...| .....f@...>....|## # ----- -----+----|-----# ## ########### # # # # # # # -.----# +<...|# |....-# |....| |....| ------ Elenmirie the Acolyte St:12 Dx:14 Co:17 In:11 Wi:16 Ch:10 Neutral Dlvl:3 $:54 HP:0(34) Pw:19(32) AC:7 Xp:3/67 T:1176 Latest messages: You see here an uncursed chest. Hmmm, the chest turns out to be locked. In what direction? k You kick an uncursed locked chest. THUD! In what direction? k You kick an uncursed locked chest. THUD! In what direction? k You kick an uncursed locked chest. THUD! In what direction? k You kick an uncursed locked chest. THUD! You break open the lock! You see here an uncursed broken chest. w - an uncursed scroll labeled ZELGO MER. y - an uncursed shining spellbook. You find a hidden door. You miss the kitten. The kitten bites! You miss the kitten. The kitten bites! The kitten bites! You miss the kitten. The kitten misses! You miss the kitten. The kitten misses! The kitten bites! You miss the kitten. The kitten misses! The kitten bites! The kitten bites! You miss the kitten. The kitten just misses! Yermak misses the kitten. Yermak misses the kitten. You miss the kitten. The kitten bites! Yermak bites the kitten. The kitten bites Yermak. You miss the kitten. The kitten bites! The kitten bites! You die... Do you want your possessions identified? [ynq] (y) y Do you want to see your attributes? [ynq] (y) y Do you want an account of creatures vanquished? [ynaq] (y) y Do you want to see your conduct and achievements? [ynq] (y) y Do you want to see the dungeon overview? [ynq] (y) y Inventory: Coins $ - 54 gold pieces Weapons j - 7 uncursed +0 darts (at the ready) a - a blessed +1 mace (weapon in right hand) Armor c - an uncursed +0 small shield (being worn) b - an uncursed +0 robe (being worn) Comestibles e - an uncursed clove of garlic v - an uncursed food ration n - an uncursed lembas wafer f - an uncursed sprig of wolfsbane Scrolls w - an uncursed scroll of confuse monster t - an uncursed scroll of gold detection Spellbooks q - an uncursed spellbook of cure sickness h - an uncursed spellbook of identify y - an uncursed spellbook of jumping g - an uncursed spellbook of light Potions u - an uncursed potion of extra healing k - a blessed potion of healing r - a blessed potion of paralysis s - an uncursed potion of paralysis d - 4 potions of holy water Wands m - an uncursed wand of fire (0:6) Tools l - an uncursed blindfold o - an uncursed crystal ball (0:6) x - an uncursed towel Elenmirie the Priestess's attributes: Background: You were an Acolyte, a level 3 human Priestess. You were neutral, nominally on a mission for Venus who was opposed by Mercury (lawful) and Mars (chaotic). You were right-handed. You were in the Dungeons of Doom, on level 3. You entered the dungeon 1176 turns ago. You had 67 experience points, 13 more were needed to attain level 4. Basics: You had 0 out of 34 hit points. You had 19 out of 32 energy points (spell power). Your armor class was 7. Your wallet contained 54 zorkmids. Autopickup was on for '$' plus thrown. Final Characteristics: Your strength was 12 (limit:18/100). Your dexterity was 14 (limit:18). Your constitution was 17 (limit:18). Your intelligence was 11 (limit:18). Your wisdom was 16 (limit:18). Your charisma was 10 (limit:18). Final Status: You weren't hungry. You were unencumbered. You were wielding a mace. You had basic skill with mace. Final Attributes: You were devoutly aligned. You were guarded. You are dead. Miscellaneous: You never encountered a bones level. Total elapsed playing time was 8 minutes and 15 seconds. Major events: Turn 1: elenmirie the neutral human Priestess entered the dungeon 260: attained the rank of Acolyte (level 3) 1176: killed by a kitten Vanquished creatures: a ghost a homunculus a red mold a jackal a kobold a goblin a lichen 4 newts 11 creatures vanquished. No species were genocided or became extinct. Voluntary challenges: You followed a strict vegan diet. You were an atheist. You were illiterate. You never engraved Elbereth. You never genocided any monsters. You never polymorphed an object. You never changed form. You used no wishes. Achievements: You attained the rank of Acolyte. You entered a shop. The Dungeons of Doom: levels 1 to 3 Level 1: A fountain, a sink. Level 2: A scroll shop, a sink. Level 3: <- You were here. Final resting place for you, killed by a kitten. Game over: ---------- / \ / REST \ / IN \ / PEACE \ / \ | elenmirie | | 54 Au | | killed by a | | kitten | | | | | | 2023 | *| * * * | * _________)/\\_//(\/(/\)/\//\/|_)_______ Goodbye elenmirie the Priestess... You died in The Dungeons of Doom on dungeon level 3 with 927 points, and 54 pieces of gold, after 1176 moves. You were level 3 with a maximum of 34 hit points when you died.